 Dungeon Crawl Stone Soup version 0.20-a0-999-gb5f2a4e (webtiles) character file.

124302 LessRight the Brawler (level 16, -8/162 HPs)
             Began as a Troll Fighter on Apr 10, 2017.
             Was the Champion of Okawaru.
             Mangled by a harpy (13 damage)
             ... on level 2 of the Shoals on Apr 12, 2017.
             The game lasted 04:45:43 (24250 turns).

LessRight the Brawler (Troll Fighter)              Turns: 24250, Time: 04:45:44

Health: -8/162     AC: 20    Str: 28    XL:     16   Next: 38%
Magic:  13/18      EV: 13    Int:  9    God:    Okawaru [******]
Gold:   2755       SH: 27    Dex:  9    Spells: 16/16 levels left

rFire    + + .     SeeInvis .     - Unarmed
rCold    + . .     Gourm    +   B - +2 large shield
rNeg     . . .     Faith    .   j - +0 fire dragon scales
rPois    +         Spirit   .   (helmet restricted)
rElec    +         Reflect  +   k - +0 cloak "Koahet" {+Fly rElec rC++ rCorr}
rCorr    +         Harm     .   (gloves unavailable)
MR       +....                  (boots unavailable)
Stlth    +.........             e - +3 amulet of reflection
Regen    0.8/turn               n - ring of poison resistance
MPRegen  0.2/turn               q - +6 ring of protection

@: heroism, finesse, flying, very slightly contaminated
A: unfitting armour, claws 3, fast metabolism 3, gourmand, regeneration 1,
shaggy fur 1, tough skin 2, no potion heal 1
a: Heroism, Finesse, Renounce Religion, Stop Flying


You were on level 2 of the Shoals.
You worshipped Okawaru.
Okawaru was exalted by your worship.
You were not hungry.

You visited 5 branches of the dungeon, and saw 26 of its levels.
You also visited: Labyrinth, Ice Cave and Volcano.

You collected 2785 gold pieces.
You spent 30 gold pieces at shops.

Inventory:

Hand Weapons
 t - a +0 blowgun
 P - the +8 eveningstar of Irritation {vamp, *Rage *Corrode Int+9 Dex+4, unknown}
   (Okawaru gifted it to you on level 15 of the Dungeon)

   It inflicts no extra harm, but heals its wielder when it wounds a living foe.
   It affects your intelligence (+9).
   It affects your dexterity (+4).
   It may make you go berserk in combat.
   It may corrode you when you take damage.
Missiles
 g - 110 poisoned needles
 x - 11 tomahawks of returning (quivered)
 y - 3 javelins of returning
 z - 4 curare-tipped needles
 A - 3 throwing nets
 F - 4 poisoned javelins
 G - 39 large rocks
 T - 7 javelins
Armour
 a - a +0 robe of positive energy
 j - +0 fire dragon scales (worn)
 k - the +0 cloak "Koahet" (worn) {+Fly rElec rC++ rCorr}
   (Okawaru gifted it to you on level 6 of the Lair of Beasts)

   It greatly protects you from cold.
   It insulates you from electricity.
   It lets you fly.
   It protects you from acid and corrosion.
 s - the scarf "Kyaxkaz" {rC- rCorr Slay+4 SInv}
   (Okawaru gifted it to you on level 1 of the Lair of Beasts)

   It affects your accuracy and damage with ranged weapons and melee attacks
   (+4).
   It makes you vulnerable to cold.
   It lets you see invisible.
   It protects you from acid and corrosion.
 B - a +2 large shield (worn)
 J - a +2 robe of magic resistance
 X - +0 ice dragon scales
Jewellery
 e - a +3 amulet of reflection (around neck)
 h - an uncursed ring of magical power {unknown}
 n - a ring of poison resistance (left claw)
 q - a +6 ring of protection (right claw)
 r - an uncursed amulet of rage
 C - an uncursed ring of see invisible
 L - an uncursed ring of positive energy
 N - an uncursed ring of protection from cold
 Q - a +3 ring of slaying
Wands
 m - a wand of digging (9/24)
Scrolls
 p - 6 scrolls of teleportation
 E - 9 scrolls of remove curse
 H - 2 scrolls of summoning
 I - 3 scrolls of fog
 K - a scroll of noise {unknown}
 M - a scroll of acquirement
 O - 2 scrolls of silence
 U - 8 scrolls of enchant armour
 W - a scroll of magic mapping
Potions
 b - 3 potions of agility
 c - 5 potions of might
 d - 4 potions of cancellation
 i - 2 potions of resistance
 l - 8 potions of curing
 o - 3 potions of haste
 D - 5 potions of lignification
 Y - a potion of mutation {unknown}
Miscellaneous
 w - a fan of gales
 R - a lamp of fire
Comestibles
 f - 15 bread rations
 u - 16 meat rations
 v - 25 royal jellies
 V - 13 fruits


   Skills:
 - Level 11.0(16.0) Fighting
 - Level 8.0(13.0) Throwing
 - Level 7.0(12.0) Dodging
 - Level 13.0(18.0) Shields
 - Level 17.0(22.0) Unarmed Combat
 - Level 0.6 Spellcasting
 - Level 5.1 Invocations
 + Level 4.7 Evocations


You had 16 spell levels left.
You didn't know any spells.

Dungeon Overview and Level Annotations

Branches:
Dungeon (15/15)            Temple (1/1) D:7            Lair (6/6) D:9
 Shoals (2/4) Lair:3       Spider (0/4) Lair:2        Slime (0/5) Lair:6
    Orc (2/2) D:9             Elf (0/3) Orc:2        Vaults (0/5) D:13
 Depths (0/5) D:15

Altars:
Ashenzari
Cheibriados
Dithmenos
Elyvilon
Fedhas
Gozag
Hepliaklqana
Kikubaaqudgha
Makhleb
Nemelex Xobeh
Okawaru
Qazlal
Ru
Sif Muna
Trog
Uskayaw
Vehumet
Wu Jian
Xom
Yredelemnul
Zin
The Shining One

Shops:
D:5 *   D:12 =   Orc:2 ??(=


Innate Abilities, Weirdness & Mutations

You are too large for most types of armour.
You have claws for hands.
Your metabolism is lightning-fast.
You like to eat raw meat.
Your natural rate of healing is unusually fast.
You are covered in fur. (AC +1)
You have very tough skin. (AC +2)
Potions are less effective at restoring your health.


Message History

The harpy claws you!
* * * LOW HITPOINT WARNING * * *
The harpy barely misses you. You block the harpy's attack. x2
Your system partially rejects the healing.
You feel better.
The harpy screeches!
You block the harpy's attack. x2; The harpy misses you.
The harpy claws you.
* * * LOW HITPOINT WARNING * * *
The harpy claws you.
* * * LOW HITPOINT WARNING * * *
You block the harpy's attack.
Blink to where?
Press: ? - help, Dir - move target cursor You are very lightly contaminated with residual magic.
As you read the scroll of blinking, it crumbles to dust.
The harpy screeches! x3
The harpy claws you but does no damage. You block the harpy's attack.
The harpy screeches!
You block the harpy's attack. x3; The harpy misses you.
The harpy claws you!
You die...

# ..≈≈≈≈≈≈≈≈ .#..
...≈≈≈≈≈≈≈≈ ...
#...≈≈≈≈≈≈≈# ..
#.##...≈≈≈≈≈≈≈# ...
#...≈≈≈≈≈≈≈≈≈#
..$###...≈≈≈≈≈≈≈≈≈#
....#....≈H≈≈≈≈≈≈≈#
........@H≈≈≈≈≈≈≈# .
.##.>..H.≈≈≈≈≈≈≈#
...:###..>..≈≈≈≈≈≈≈#
.....:.[...≈≈≈≈≈≈≈≈#
.#....†!.≈≈≈≈≈≈≈≈≈≈#
##......≈≈≈≈≈≈≈≈≈≈#
###.....≈≈≈≈≈≈≈≈≈#
##....≈≈≈≈≈≈≈≈≈#
##..≈≈≈≈≈≈≈≈≈≈#


You could see 3 harpies.

Vanquished Creatures
  Rupert (D:14)
  Frances (D:12)
  Donald (Shoals:2)
  A frost giant (IceCv)
  An orc warlord (Orc:2)
  2 stone giants
  A red draconian (Volcano)
  Snorg (D:11)
  The ghost of ChampionHyena the Cleaver, a journeyman TrBe of Trog (Lair:2)
  A fire dragon (Lair:6)
  Erolcha (D:9)
  A minotaur (Lab)
  2 merfolk impalers (Shoals:1)
  Fannar (D:10)
  A vault guard (D:13)
  3 hydras
  4 merfolk avatars
  Erica (D:11)
  A centaur warrior (D:14)
  An ogre mage (Volcano)
  8 two-headed ogres
  14 death yaks
  4 orc high priests (Orc:2)
  Nergalle (D:10)
  Urug (Lair:2)
  3 unseen horrors
  5 sea snakes (Shoals:1)
  A swamp dragon (Lair:6)
  A swamp dragon (shapeshifter) (D:15)
  A phantasmal warrior (D:11)
  A harpy (Shoals:2)
  7 orc knights
  5 orc sorcerers
  A salamander (D:15)
  A slime creature (D:15)
  2 cyclopes
  6 ugly things
  3 manticores
  Maurice (D:11)
  5 fauns (Shoals:1)
  4 elephants
  2 centaur zombies
  4 black mambas
  2 molten gargoyles (Volcano)
  2 merfolk sirens (Shoals:1)
  An eye of devastation (Lair:6)
  6 gargoyles
  Joseph (D:7)
  8 spiny frogs
  An ice statue (IceCv)
  3 water nymphs (Shoals:1)
  3 centaur skeletons
  4 yaktaurs (D:15)
  2 rime drakes
  4 komodo dragons
  3 kobold demonologists
  An efreet (D:14)
  7 trolls
  A queen bee (Lair:3)
  A meliai (shapeshifter) (D:15)
  A hornet (D:11)
  22 polar bears
  A wind drake (shapeshifter) (D:15)
  6 jumping spiders (Lair:2)
  16 blink frogs
  7 merfolk (Shoals:1)
  Prince Ribbit (D:6)
  15 hippogriffs
  6 dream sheep (Lair:6)
  3 snapping turtles
  5 redbacks (Lair:2)
  A centaur simulacrum (D:15)
  3 water elementals
  2 shadows
  27 yaks
  2 wyverns
  3 wraiths
  3 hogs (D:7)
  A human (D:7)
  2 hungry ghosts
  2 steam dragons (Lair:6)
  10 vampire mosquitoes
  4 basilisks
  A swamp worm (shapeshifter) (D:15)
  A soldier ant (D:9)
  6 wargs
  5 acid dragons
  16 water moccasins
  7 porcupines
  5 ice beasts
  5 black bears
  34 orc warriors
  2 phantoms
  A sky beast (D:8)
  2 eyes of draining
  13 ogres
  11 centaurs
  45 wolves
  17 crocodiles
  17 bullfrogs
  7 big kobolds
  2 gnoll sergeants (D:7)
  A scorpion (D:10)
  2 water moccasin skeletons (D:6)
  35 killer bees
  9 electric eels
  4 howler monkeys
  4 crimson imps
  4 lava snakes (Volcano)
  8 hounds
  2 quasits
  3 jellies
  26 orc priests
  2 bullfrog zombies
  Crazy Yiuf (D:2)
  2 bullfrog skeletons
  Jessica (D:2)
  7 iguanas
  6 worker ants
  27 orc wizards
  2 hound zombies (D:9)
  A hound skeleton (D:10)
  Robin (D:2)
  A worker ant zombie (D:11)
  14 gnolls
  14 adders
  6 shadow imps
  An ooze (D:1)
  An adder zombie (D:6)
  3 adder skeletons
  3 dart slugs
  3 worms
  4 leopard geckos
  79 orcs
  6 bats
  7 giant cockroaches
  14 goblins
  11 hobgoblins
  13 jackals
  3 quokkas
  2 ball pythons
  3 frilled lizards
  29 kobolds
  A leopard gecko zombie (D:5)
  A quokka skeleton (D:4)
  5 rats
870 creatures vanquished.

Vanquished Creatures (collateral kills)
  3 elephants (Lair:4)
3 creatures vanquished.

Vanquished Creatures (others)
  A centaur warrior (D:13)
  2 cyclopes
  A manticore (Shoals:1)
  A centaur (D:11)
  A worker ant (D:10)
  An orc (Orc:2)
  13 fungi
  14 plants
34 creatures vanquished.

Grand Total: 907 creatures vanquished

Notes
Turn   | Place    | Note
-------+----------+-------------------------------------------
     0 | D:1      | LessRight the Troll Fighter began the quest for the Orb.
     0 | D:1      | Reached XP level 1. HP: 22/22 MP: 0/0
   126 | D:1      | Reached XP level 2. HP: 29/29 MP: 1/1
   508 | D:1      | Reached XP level 3. HP: 36/36 MP: 2/2
   610 | D:2      | Noticed Robin
   646 | D:2      | Killed Robin
   849 | D:2      | Reached XP level 4. HP: 41/44 MP: 3/3
   885 | D:2      | Noticed Jessica
   890 | D:2      | Killed Jessica
  1301 | D:2      | Found a runed door.
  1305 | D:2      | Noticed Crazy Yiuf
  1313 | D:2      | Killed Crazy Yiuf
  1313 | D:2      | Reached XP level 5. HP: 35/50 MP: 4/4
  1535 | D:3      | Reached skill level 5 in Shields
  2020 | D:4      | Noticed an ogre
  2024 | D:4      | Killed an ogre
  2024 | D:4      | Reached skill level 3 in Unarmed Combat
  2024 | D:4      | Reached XP level 6. HP: 59/59 MP: 5/5
  2073 | D:4      | Reached skill level 4 in Unarmed Combat
  2287 | D:4      | Reached skill level 5 in Unarmed Combat
  2362 | D:4      | Reached XP level 7. HP: 66/66 MP: 6/6
  2537 | D:4      | Reached skill level 6 in Unarmed Combat
  2847 | D:5      | Entered Level 5 of the Dungeon
  3025 | D:5      | Reached skill level 7 in Unarmed Combat
  3041 | D:5      | Reached XP level 8. HP: 19/74 MP: 7/7
  3174 | D:5      | Reached skill level 8 in Unarmed Combat
  3217 | D:5      | Found Qowiedo's General Store.
  3225 | D:5      | Bought a scroll of remove curse for 30 gold pieces
  3526 | D:6      | Found a large runed door.
  3530 | D:6      | Found a large runed door.
  3551 | D:6      | Noticed a manticore
  3557 | D:6      | Killed a manticore
  3557 | D:6      | Reached skill level 5 in Fighting
  3747 | D:6      | Noticed Prince Ribbit
  3757 | D:6      | Killed Prince Ribbit
  3757 | D:6      | Reached XP level 9. HP: 46/89 MP: 8/8
  3848 | D:6      | Found a large runed door.
  3848 | D:6      | Found a large runed door.
  4171 | D:6      | Noticed a gargoyle
  4178 | D:6      | Killed a gargoyle
  4178 | D:6      | Reached skill level 9 in Unarmed Combat
  4308 | D:6      | Killed an unseen horror
  4308 | D:6      | Reached skill level 10 in Unarmed Combat
  4854 | D:7      | Reached skill level 11 in Unarmed Combat
  4864 | D:7      | Reached XP level 10. HP: 83/98 MP: 9/9
  5158 | D:7      | Found a staircase to the Ecumenical Temple.
  5172 | Temple   | Entered the Ecumenical Temple
  5481 | Temple   | Became a worshipper of Warmaster Okawaru
  5541 | D:7      | Noticed Joseph
  5572 | D:7      | Killed Joseph
  5572 | D:7      | Reached skill level 12 in Unarmed Combat
  5770 | D:7      | Reached * piety under Okawaru
  5909 | D:8      | Got a transparent mace
  6092 | D:8      | Reached ** piety under Okawaru
  6192 | D:8      | Found a burning altar of Makhleb.
  6192 | D:8      | Noticed a balrug
  6196 | D:8      | Noticed an orange demon
  6196 | D:8      | Noticed a smoke demon
  6397 | D:9      | Found a staircase to the Lair.
  6402 | D:9      | Noticed Erolcha
  6415 | D:9      | Killed Erolcha
  6423 | D:9      | Reached *** piety under Okawaru
  6461 | D:9      | Killed an unseen horror
  6461 | D:9      | Reached XP level 11. HP: 63/105 MP: 10/10
  6572 | D:9      | Found a staircase to the Orcish Mines.
  6874 | Lair:1   | Entered Level 1 of the Lair of Beasts
  6938 | Lair:1   | Found a dark tunnel.
  6966 | Volcano  | Entered a volcano
  7180 | Volcano  | Found a bloodstained altar of Trog.
  7180 | Volcano  | Noticed a two-headed ogre
  7180 | Volcano  | Noticed an ogre mage
  7180 | Volcano  | Noticed a two-headed ogre
  7180 | Volcano  | Noticed a two-headed ogre
  7187 | Volcano  | Killed a two-headed ogre
  7187 | Volcano  | Reached **** piety under Okawaru
  7192 | Volcano  | HP: 4/105 [two-headed ogre/great mace of flaming (9)]
  7199 | Volcano  | Killed a two-headed ogre
  7199 | Volcano  | Reached skill level 10 in Shields
  7201 | Volcano  | HP: 4/105 [ogre mage/spear of flaming (6)]
  7202 | Volcano  | Killed a two-headed ogre
  7213 | Volcano  | Killed an ogre mage
  7213 | Volcano  | Reached ***** piety under Okawaru
  7365 | Volcano  | Noticed a two-headed ogre
  7374 | Volcano  | Killed a two-headed ogre
  7423 | Volcano  | Noticed a red draconian
  7432 | Volcano  | Killed a red draconian
  7627 | Lair:1   | Reached skill level 5 in Invocations
  7827 | Lair:1   | Reached XP level 12. HP: 62/114 MP: 14/14
  7965 | Lair:1   | Received a gift from Okawaru
  7972 | Lair:1   | Got a distressingly furry scarf {god gift}
  7978 | Lair:1   | Identified the scarf "Kyaxkaz" {rC- rCorr Slay+4 SInv} (Okawaru gifted it to you on level 1 of the Lair of Beasts)
  8320 | Lair:2   | Noticed Urug
  8329 | Lair:2   | Killed Urug
  8471 | Lair:2   | Noticed ChampionHyena's ghost (journeyman TrBe)
  8490 | Lair:2   | Killed ChampionHyena's ghost
  8557 | Lair:2   | Found a labyrinth entrance.
  8572 | Lab      | Entered a labyrinth
  8753 | Lab      | Noticed a minotaur
  8760 | Lab      | Killed a minotaur
  8766 | Lab      | Identified Wutzaguch's Disquisition on the Sinister Mountains
  8779 | Lab      | Identified Sif Muna's Handbook of the Mountains
  8810 | Lair:2   | Identified the +5 mace of Beyond {freeze, +Fly rF+ rN+} (You found it on level 8 of the Dungeon)
  8883 | Lair:2   | Found a hole to the Spider Nest.
  8898 | Lair:2   | Reached skill level 1 in Throwing
  9598 | Lair:2   | Reached skill level 1 in Evocations
  9828 | Lair:3   | Noticed a five-headed hydra
  9835 | Lair:3   | Killed a five-headed hydra
  9835 | Lair:3   | Received a gift from Okawaru
  9969 | Lair:3   | Reached XP level 13. HP: 127/131 MP: 15/15
 10823 | Lair:3   | Found a staircase to the Shoals.
 11011 | Lair:3   | Reached skill level 13 in Unarmed Combat
 11242 | Lair:4   | Reached skill level 5 in Dodging
 11371 | Lair:4   | Received a gift from Okawaru
 11394 | Lair:4   | Reached ****** piety under Okawaru
 11434 | Lair:4   | Identified a scroll of acquirement
 11944 | Lair:5   | Received a gift from Okawaru
 11946 | Lair:5   | Got a fine scarf {god gift}
 11960 | Lair:5   | Identified the scarf of Xaoqam {Str+4} (Okawaru gifted it to you on level 5 of the Lair of Beasts)
 12853 | Lair:6   | Entered Level 6 of the Lair of Beasts
 12872 | Lair:6   | Found a staircase to the Slime Pits.
 12962 | Lair:6   | Reached skill level 5 in Throwing
 13354 | Lair:6   | Reached skill level 10 in Fighting
 13354 | Lair:6   | Reached XP level 14. HP: 143/143 MP: 16/16
 13556 | Lair:6   | Received a gift from Okawaru
 13558 | Lair:6   | Got a slimy cloak {god gift}
 13569 | Lair:6   | Identified the +0 cloak "Koahet" {+Fly rElec rC++ rCorr} (Okawaru gifted it to you on level 6 of the Lair of Beasts)
 14758 | Orc:1    | Entered Level 1 of the Orcish Mines
 14976 | Orc:1    | Reached skill level 14 in Unarmed Combat
 15025 | Orc:1    | Found a burning altar of Makhleb.
 15472 | Orc:2    | Entered Level 2 of the Orcish Mines
 15646 | Orc:2    | Found a staircase to the Elven Halls.
 15789 | Orc:2    | Noticed an orc warlord
 15884 | Orc:2    | Killed an orc warlord
 16222 | Orc:2    | Noticed a stone giant
 16230 | Orc:2    | Killed a stone giant
 16230 | Orc:2    | Reached skill level 15 in Unarmed Combat
 16262 | Orc:2    | Received a gift from Okawaru
 16268 | Orc:2    | Got a shimmering long sword {god gift}
 16269 | Orc:2    | Identified the +2 long sword of Xeownue {distort, Fragile rPois Str+5 Stlth+} (Okawaru gifted it to you on level 2 of the Orcish Mines)
 16879 | Orc:2    | Gained mutation: Potions are less effective at restoring your health. [a neqoxec]
 16964 | Orc:2    | Found Wiutius's Jewellery Shoppe.
 16964 | Orc:2    | Found Paelir's Magic Scroll Shop.
 16966 | Orc:2    | Found Emizik's Weapon Shoppe.
 16966 | Orc:2    | Found Livil's Magic Scroll Shop.
 17068 | D:10     | Entered Level 10 of the Dungeon
 17151 | D:10     | Found a shadowy altar of Dithmenos.
 17378 | D:10     | Noticed Fannar
 17390 | D:10     | Killed Fannar
 17479 | D:10     | Noticed Nergalle
 17497 | D:10     | Killed Nergalle
 17972 | D:11     | Noticed Maurice
 18283 | D:11     | Killed Maurice
 18375 | D:11     | Upgraded the game from 0.20-a0-984-ge8aa303 to 0.20-a0-997-g5e58985
 18472 | D:11     | Found a large runed door.
 18478 | D:11     | Reached XP level 15. HP: 149/149 MP: 17/17
 18484 | D:11     | Found a large runed door.
 18649 | D:11     | Noticed Erica
 18655 | D:11     | Killed Erica
 18655 | D:11     | Received a gift from Okawaru
 18922 | D:11     | Noticed Snorg
 18941 | D:11     | Killed Snorg
 19065 | D:11     | Found a shimmering altar of Xom.
 19102 | D:11     | Found a shadowy altar of Dithmenos.
 19348 | D:12     | Found Wotzuemu's Jewellery Shoppe.
 19371 | D:12     | Noticed Frances
 19386 | D:12     | Killed Frances
 20169 | D:13     | Found a gate to the Vaults.
 21104 | D:14     | Found a frozen archway.
 21142 | IceCv    | Entered an ice cave
 21278 | IceCv    | Received a gift from Okawaru
 21621 | IceCv    | Reached skill level 16 in Unarmed Combat
 21628 | IceCv    | Received a gift from Okawaru
 21666 | IceCv    | Noticed a frost giant
 21683 | IceCv    | Killed a frost giant
 21683 | IceCv    | Received a gift from Okawaru
 21754 | D:14     | Upgraded the game from 0.20-a0-997-g5e58985 to 0.20-a0-999-gb5f2a4e
 21889 | D:14     | Noticed Rupert
 21899 | D:14     | Killed Rupert
 22300 | D:14     | Found a glowing golden altar of the Shining One.
 22463 | D:15     | Entered Level 15 of the Dungeon
 22540 | D:15     | Reached skill level 17 in Unarmed Combat
 22814 | D:15     | Found a staircase to the Depths.
 22820 | D:15     | Reached XP level 16. HP: 142/159 MP: 18/18
 23035 | D:15     | Received a gift from Okawaru
 23037 | D:15     | Got a pitted eveningstar {god gift}
 23421 | Shoals:1 | Entered Level 1 of the Shoals
 23937 | Shoals:1 | Received a gift from Okawaru
 24213 | Shoals:2 | Received a gift from Okawaru
 24217 | Shoals:2 | Noticed Donald
 24244 | Shoals:2 | Killed Donald
 24247 | Shoals:2 | HP: 3/162 [harpy (7)]
 24250 | Shoals:2 | Mangled by a harpy

Vault maps used:
D:1:      minmay_arrival_four_houses
D:2:      first_bread, uniq_robin, uniq_jessica, uniq_crazy_yiuf_cottage
D:4:      serial_glass, glass_columns_b, glass_columns_b
D:5:      serial_shops, shop
D:6:      minmay_hollow_rounded_squares, uniq_prince_ribbit1
D:7:      minmay_temple_entry_statues_pillars, grunt_livestock, uniq_joseph
D:8:      makhleb_altar_promises_db
D:9:      grunt_lair_entry_orc_guard_hut, orc_0_dummy, uniq_erolcha
D:10:     grunt_dithmenos_smoke_and_mirrors, uniq_nergalle, uniq_fannar
D:11:     jmf_multi_god_temple2, uniq_snorg, uniq_maurice, uniq_erica
D:12:     kennysheep_funnel, serial_shops, kennysheep_little_box, uniq_frances
D:13:     david_vaults_5
D:14:     portal_ice_cave_entry_pillars_1, minmay_misc_feat_iff, tso_altar,
          uniq_rupert
D:15:     hangedman_depths_entry_try_elsewhere_first, grunt_decor_cap
Temple:   roderic_octagonal_lattice_temple
Lair:1:   enter_volcano_4, grunt_forest_large_clearing_hut
Lair:2:   nicolae_spider_entry_tight_spaces, lab_entry_generic,
          grunt_megastairs_1, uniq_urug
Lair:3:   minmay_shoals_entry_hut, cheibrodos_lair_lostbears
Lair:4:   minmay_stone_trees_medium
Lair:5:   beast_lair_carwin_5, grunt_megastairs_4, serial_bayou_shore_a
Lair:6:   guppyfry_lair_end_dragon, minmay_slime_entry_eyes, st_stairs_4
Shoals:1: nicolae_shoals_seven_spires
Shoals:2: serial_shops, shop, shop, uniq_donald
Orc:1:    basic_altar
Orc:2:    grunt_orc_tribal_feast
Lab:      nicolae_lab_dead_adventurers, labyrinth_skeletal_remains,
          nicolae_lab_grate, nicolae_lab_arrow
IceCv:    ice_cave_caverns_01
Volcano:  volcano_lake

Skill      XL: |  1  2  3  4  5  6  7  8  9 10 11 12 13 14 15 16 |
---------------+-------------------------------------------------+-----
Shields        | 3 4 5 8 10 11 12 13 | 13.0
Unarmed Combat | 3 5 7 8 11 12 13 15 17 | 17.0
Fighting       | 6 9 10 11 | 11.0
Dodging        | 4 6 7 |  7.0
Invocations    | 5 |  5.1
Throwing       | 3 5 6 8 |  8.0
Evocations     | 1 4 |  4.7
Spellcasting   | |  0.6

Action                   |  1- 3 |  4- 6 |  7- 9 | 10-12 | 13-15 | 16-18 || total
-------------------------+-------+-------+-------+-------+-------+-------++-------
Melee: Unarmed           |   108 |   169 |   272 |   613 |  1634 |   185 ||  2981
       Punch             |     1 |     1 |       |       |       |       ||     2
       Mace              |       |       |       |     3 |    11 |       ||    14
 Fire: Blowgun           |       |       |       |       |     4 |       ||     4
Throw: Large rock        |       |       |     1 |       |     2 |       ||     3
       Javelin           |       |       |       |     3 |     8 |       ||    11
       Tomahawk          |       |       |       |       |   203 |    36 ||   239
Invok: Heroism           |       |       |       |     3 |     3 |     1 ||     7
       Finesse           |       |       |       |     1 |       |     1 ||     2
 Abil: Evoke Flight      |       |       |       |       |     2 |     5 ||     7
       Stop Flying       |       |       |       |       |     1 |       ||     1
Evoke: Wand              |       |       |       |       |     4 |       ||     4
  Use: Potion            |       |       |     2 |     5 |       |     2 ||     9
       Scroll            |       |       |     1 |    10 |    10 |     4 ||    25
 Stab: Sleeping          |       |       |       |     1 |       |       ||     1
  Eat: Chunk             |    13 |    13 |    24 |    46 |   121 |    11 ||   228
Armor: Robe              |    29 |    39 |    49 |    45 |    33 |       ||   195
       Fire dragon scale |       |       |       |       |   156 |    59 ||   215
       Ice dragon scales |       |       |       |       |    38 |     4 ||    42
Dodge: Dodged            |    49 |    37 |    60 |    92 |   173 |    61 ||   472
Block: Shield            |       |    44 |   123 |    25 |       |       ||   192
       Reflection        |       |       |     3 |    12 |    66 |    26 ||   107
       Large shield      |       |       |       |   463 |  1352 |   230 ||  2045
       Other             |       |       |       |       |     1 |       ||     1
